Match 47339425
Unlisted

Match 47339425
End
Panzergrenadier Squad
250 Light Carrier
Panzerpioneer Squad
Construct Light Support Kompanie
MG34 Team
Fire Support Elements
le.IG 18 Support Gun Team
le.IG 18 Mechanized Group
2.5-tonne Medical Truck
Flakvierling Half-track
Pak 38 Anti-tank Gun Team
Selects Armored Support Battlegroup
Selects Salvage Kits
Selects Panzer Storm
Assault Mechanized Group
Bia Bia Bia
KoalaImpala
.k boy
Tanith's Finest
Hugh G Wrecktion
晴天小怪兽
Blaston
나무와선녀꾼
0
0

Comments sign in to comment!

No comments posted yet!